Map: King's Cove LE

Players

FizzFrizz

  • Race: Zerg Zerg
  • League: Diamond
  • Spawn Location: 11:00

A.I. 1 (Very Easy) - Winner!

  • Race: Protoss Protoss
  • Spawn Location: 5:00

VOD

Have the link to the VOD?

Description

Time

  • Played on: April 22, 2019, 12:40 a.m.
  • Length: 6:03
Show
View Real Time Build Order
Export as new Build Order

FizzFrizz Zerg 

Build Orders: Hatch First 

Get SALT Encoding   

  12  0:01  Drone  
  13  0:12  Overlord  
  13  0:23  Drone  
  14  0:31  Drone x2  
  16  0:52  Hatchery  
  16  0:54  Drone  
  16  0:58  Drone  
  16  1:01  Drone  
  18  1:12  Extractor  
  17  1:19  Spawning Pool  
  17  1:21  Drone  
  17  1:24  Drone  
  18  1:30  Drone  
  19  1:41  Drone  
  20  1:53  Overlord  
  20  2:03  Drone  
  20  2:06  Queen x2  
  20  2:07  Zergling x2  
  26  2:12  Zergling x2  
  27  2:15  Metabolic Boost  
  27  2:18  Drone  
  28  2:23  Drone  
  28  2:29  Drone  
  30  2:44  Hatchery  
  30  2:49  Queen  
  31  2:54  Overlord  
  31  3:04  Overlord  
  31  3:10  Drone x4  
  31  3:12  Drone  
  36  3:23  Drone x4  
  40  3:30  Drone  
  40  3:31  Drone x2  
  43  3:38  Drone  
  44  3:42  Overlord  
  44  3:46  Overlord  
  42  3:53  Drone  
  42  3:55  Queen  
  43  3:56  Drone x2  
  43  3:57  Drone x2  
  49  4:03  Lair  
  49  4:11  Overlord  
  49  4:21  Drone x4  
  49  4:22  Overlord  
  49  4:23  Overlord  
  49  4:24  Queen  
  55  4:35  Zergling x4  
  55  4:36  Zergling x2  
  58  4:45  Hatchery  
  57  4:50  Zergling x16  
  57  4:51  Zergling x2  
  66  4:56  Overlord  
  66  4:57  Zergling x4  
  68  5:05  Zergling x4  
  70  5:12  Zergling x4  
  72  5:18  Zergling x8  
  72  5:20  Zergling x2  
  72  5:21  Zergling x10  
  82  5:29  Overlord  
  82  5:30  Zergling x2  
  83  5:39  Zergling x6  
  83  5:41  Hatchery  
  85  5:52  Roach Warren  
Show
View Real Time Build Order
Export as new Build Order

A.I. 1 (Very Easy) Protoss - Winner!

Build Orders:  

Get SALT Encoding   

  12  0:00  Probe  
  13  0:13  Probe  
  14  0:21  Pylon  
  14  0:37  Assimilator  
  14  0:43  Gateway  
  14  0:46  Pylon  
  14  1:17  Assimilator  
  14  1:24  Zealot  
  14  1:25  Probe  
  17  1:33  Cybernetics Core, Probe  
  18  1:43  Probe  
  19  1:55  Probe  
  19  1:59  Warp Gate  
  20  2:03  Probe  
  21  2:11  Probe  
  22  2:40  Stalker  
Tags
 
League
Diamond
Matchup
PvZ
Spawn Locations
Cross Positions
Add a new tag
Caveats
  • Supply blocks, unpowered buildings, or Contaminate may cause inaccurate times.
  • Supply counts are checked every 10 seconds.